 Dungeon Crawl Stone Soup version 0.28-a0-472-g50180c0d78 (webtiles) character file.

Game seed: 17201817584352948832

1037 cjd the Digger (level 8, -1/41 HPs)
             Began as a Gargoyle Earth Elementalist on Sept 15, 2021.
             Slain by Sigmund (3 damage)
             ... on level 4 of the Dungeon.
             The game lasted 00:12:15 (5581 turns).

cjd the Digger (Gargoyle Earth Elementalist)        Turns: 5581, Time: 00:12:16

Health: -1/41      AC: 13    Str: 12    XL:     8   Next: 24%
Magic:  1/16       EV: 11    Int: 18    God:
Gold:   245        SH:  0    Dex: 10    Spells: 13/17 levels left

rFire   + . .      SeeInvis .   o - +1 mace (drain)
rCold   . . .      Faith    .   (no shield)
rNeg    + . .      Spirit   .   g - +2 leather armour {rF+}
rPois   ∞          Reflect  .   q - +0 helmet
rElec   +          Harm     .   n - +0 cloak
rCorr   .          Rampage  .   (no gloves)
Will    .....                   a - +0 pair of boots
Stlth   ++........              (no amulet)
HPRegen 0.13/turn               (no ring)
MPRegen 0.15/turn               (no ring)

@: brilliant, attractive
A: sickness immunity, AC +5, negative energy resistance 1, electricity
resistance, torment resistance 1, petrification resistance
a: no special abilities


You were on level 4 of the Dungeon.
You visited 1 branch of the dungeon, and saw 4 of its levels.

You collected 245 gold pieces.

Inventory:

Hand Weapons
 e - a +0 short sword
 f - a +0 flail
 m - a +2 flail of holy wrath
 o - a +1 mace of draining (weapon)
Missiles
 c - 95 stones
 i - 3 throwing nets
Armour
 a - a +0 pair of boots (worn)
 g - a +2 leather armour of fire resistance (worn)
 n - a +0 cloak (worn)
 q - a +0 helmet (worn)
Magical Staves
 k - a staff of fire
Jewellery
 p - a ring of flight
Potions
 r - a potion of brilliance


   Skills:
 - Level 1.5 Dodging
 - Level 2.1 Stealth
 + Level 5.3 Spellcasting
 + Level 5.4 Conjurations
 - Level 0.7 Transmutations
 + Level 7.6 Earth Magic


You had 13 spell levels left.
You knew the following spells:

 Your Spells              Type           Power      Damage    Failure   Level
a - Sandblast             Erth           96%        2d20      1%          1
b - Stone Arrow           Conj/Erth      84%        3d12      3%          3

Your spell library contained the following spells:

 Spells                   Type           Power      Damage    Failure   Level
 Passwall                 Tmut/Erth      24%        N/A       4%          2
 Petrify                  Tmut/Erth      29%        N/A       28%         4


Dungeon Overview and Level Annotations

Branches:
Dungeon (4/15)
 Temple: D:4-7

Altars:
Ru
Xom
Yredelemnul
Zin
The Shining One

Annotations:
D:4 Ijyb, Sigmund


Innate Abilities, Weirdness & Mutations

You are immune to sickness and miasma.
Your stone body is resilient. (AC +5)
You are immune to poison.
You resist negative energy. (rN+)
You are resistant to electric shocks. (rElec)
You are resistant to unholy torment.
You are immune to petrification.


Message History

You miss the killer bee.
Sigmund appears from thin air!
Reactivating autopickup.
The killer bee stings you but does no damage.
Sigmund casts a spell.
Sigmund flickers and vanishes!
Deactivating autopickup; reactivate with Ctrl-A.
The killer bee stings you.
The killer bee stings you but does no damage.
Okay, then.
You sock the killer bee! You drain the killer bee.
The killer bee is severely wounded.
The killer bee stings you but does no damage.
The killer bee barely misses you. The killer bee misses you.
You miss the killer bee.
The killer bee is severely wounded.
The killer bee stings you but does no damage.
The killer bee misses you.
You hit the killer bee. You drain the killer bee.
You kill the killer bee!
You hit Ijyb but do no damage. Ijyb barely misses you. Something hits you!
* * * LOW HITPOINT WARNING * * *
Ijyb barely misses you.
You hit Ijyb.
Ijyb is lightly wounded.
Something hits you but does no damage. Ijyb hits you but does no damage.
You hit Ijyb but do no damage. You drain Ijyb.
Ijyb is moderately wounded.
Ijyb hits you but does no damage. Something hits you.
* * * LOW HITPOINT WARNING * * *
Unknown command.
Casting: Sandblast (safe; 1% risk of failure)
Confirm with . or Enter, or press ? or * to list all spells.
Aiming: Sandblast (safe; 1% risk of failure)
Press: ? - help, Shift-Dir - straight line, f - Ijyb
Aim: Ijyb, wielding a +0 dagger, wearing a +0 scale mail and carrying a wand of paralysis (2) (moderately wounded, heavily drained, 81% to hit)
You feel a surge of power!
The blast of sand hits Ijyb but does no damage.
Ijyb is moderately wounded.
Ijyb zaps a wand.
You resist with some effort. Something hits you.
You die...

#≈#. .≈.. ####
.≈..########..###
.≈........n..{..##
.≈.....#####...#.#
.≈......# #.gg.gn#
#≈#.....#.....##{#
≈ #...?.#.#..###g#
###...>.#....# #@#
..........#.##
#..#
..............
##.#
.....†.##..... .#
#..........^.. .#
#####...!.>## .#
#####.....## ..
.........## ..
.......###


You could see a necrophage, Ijyb (drained) and a goblin.

Vanquished Creatures
  A necrophage (D:3)
  An ogre (D:3)
  5 killer bees (D:4)
  A howler monkey (D:3)
  A vampire bat (D:3)
  A bullfrog skeleton (D:2)
  Crazy Yiuf (D:3)
  2 hounds (D:3)
  An iguana (D:4)
  7 adders
  24 gnolls (D:3)
  An adder skeleton (D:4)
  3 worms
  3 dart slugs
  18 orcs
  5 ball pythons
  6 endoplasms
  3 giant cockroaches
  6 goblins
  6 hobgoblins
  15 jackals (D:3)
  2 quokkas (D:1)
  10 bats
  A frilled lizard (D:2)
  8 kobolds
  5 rats
137 creatures vanquished.

Vanquished Creatures (others)
  A plant (D:3)
1 creature vanquished.

Grand Total: 138 creatures vanquished

Notes
Turn   | Place    | Note
-------+----------+-------------------------------------------
     0 | D:1      | cjd the Gargoyle Earth Elementalist began the quest for the
                  | Orb.
     0 | D:1      | Reached XP level 1. HP: 10/10 MP: 3/3
   246 | D:1      | Reached XP level 2. HP: 12/15 MP: 5/5
   250 | D:1      | Reached skill level 4 in Earth Magic
  1131 | D:1      | Reached XP level 3. HP: 19/19 MP: 6/6
  1135 | D:1      | Learned a level 3 spell: Stone Arrow
  1643 | D:2      | Found a sacrificial altar of Ru.
  1913 | D:2      | Reached skill level 1 in Conjurations
  1913 | D:2      | Reached XP level 4. HP: 18/24 MP: 4/8
  2318 | D:2      | Reached skill level 5 in Earth Magic
  2634 | D:3      | Reached XP level 5. HP: 16/28 MP: 4/9
  2894 | D:3      | Noticed a necrophage
  2903 | D:3      | Killed a necrophage
  2904 | D:3      | Reached XP level 6. HP: 15/32 MP: 3/11
  3170 | D:3      | Found a glowing silver altar of Zin.
  3492 | D:3      | Found a runed translucent door.
  3493 | D:3      | Noticed Crazy Yiuf
  3499 | D:3      | Killed Crazy Yiuf
  3737 | D:3      | Found a faded altar of an unknown god.
  3739 | D:3      | Reached skill level 6 in Earth Magic
  3846 | D:3      | Found a shimmering altar of Xom.
  3875 | D:3      | Found a basalt altar of Yredelemnul.
  3881 | D:3      | Found a glowing golden altar of the Shining One.
  3883 | D:3      | Noticed an angel
  4000 | D:3      | Reached XP level 7. HP: 21/36 MP: 13/13
  5335 | D:3      | Reached skill level 7 in Earth Magic
  5540 | D:4      | Reached skill level 5 in Spellcasting
  5540 | D:4      | Noticed Sigmund
  5556 | D:4      | Noticed Ijyb
  5566 | D:4      | Reached skill level 5 in Conjurations
  5566 | D:4      | Reached XP level 8. HP: 18/41 MP: 5/15
  5580 | D:4      | HP: 2/41 [something (4)]
  5581 | D:4      | Slain by Sigmund

Illustrated notes

Levels and vault maps discovered:
D:1:      roderic_dead_forest, layout_basic, hangedman_feature_mirror
D:2:      layout_rooms, basic_altar, kennysheep_generic_room_13
D:3:      lemuel_castle_with_subvaults [lemuel_castle_interior_original],
          layout_loops_ring, xom_teletrap_fun, mainiacjoe_overflow_24_doors,
          grunt_temple_overflow_holy_war,
          shapermc_ecumenical_altar_starsandcircs, corexii_leaking_fountain,
          roderic_batcave, uniq_crazy_yiuf_cottage
D:4:      layout_rooms, minmay_temple_entry_water_ring, uniq_duvessa,
          uniq_sigmund, uniq_ijyb

Skill      XL: |  1  2  3  4  5  6  7 |
---------------+----------------------+-----
Earth Magic    | 4 5 6 7 |  7.6
Spellcasting   | 3 4 5 |  5.3
Conjurations   | 1 2 3 5 |  5.4
Dodging        | |  1.5
Stealth        | |  2.1
Transmutations | |  0.7

Action                   |  1- 3 |  4- 6 |  7- 9 || total
-------------------------+-------+-------+-------++-------
Melee: Short sword       |    93 |   141 |       ||   234
       Unarmed           |     6 |       |       ||     6
       Mace              |       |    49 |   126 ||   175
 Cast: Sandblast         |    17 |    39 |    41 ||    97
       Stone Arrow       |       |       |     4 ||     4
  Use: Scroll            |       |     2 |     3 ||     5
       Potion            |       |       |     6 ||     6
 Stab: Sleeping          |     4 |     2 |     1 ||     7
Armor: Robe              |    11 |       |       ||    11
       Leather armour    |    38 |   108 |   138 ||   284
Dodge: Dodged            |    68 |   162 |   147 ||   377

Table legend: (Time is in decaauts)
 A = Elapsed time spent in this place.
 B = Non-inter-level travel time spent in this place.
 C = Inter-level travel time spent in this place.
 D = Time resting spent in this place.
 E = Time spent auto-exploring this place.
 F = Levels seen in this place.
 G = Mean time per level.
                   A        B        C        D        E       F      G
               +--------+--------+--------+--------+--------+-----+--------+
         Total |   5690 |   5608 |     82 |    426 |   3960 |   4 | 1422.5 |
       Dungeon |   5690 |   5608 |     82 |    426 |   3960 |   4 | 1422.5 |
               +--------+--------+--------+--------+--------+-----+--------+

Top non-repeatable levels by time:
     D:3: 2613 daAuts
     D:1: 1458 daAuts
     D:2: 1436 daAuts
     D:4: 182 daAuts
